 Dungeon Crawl Stone Soup version 0.26-a0-651-gb41185065b (webtiles) character file.

Game seed: 2874863651127475976

64 Lanoc the Poker (level 4, 0/37 HPs)
             Began as a Merfolk Abyssal Knight on Oct 14, 2020.
             Was a Follower of Lugonu.
             Succumbed to an adder's poison
             ... in a sewer.
             The game lasted 00:02:23 (1039 turns).

Lanoc the Poker (Merfolk Abyssal Knight)            Turns: 1039, Time: 00:02:23

Health: 0/37       AC:  3    Str: 12    XL:     4   Next: 12%
Magic:  6/6        EV: 16    Int: 11    God:    Lugonu [*.....]
Gold:   33         SH:  0    Dex: 14    Spells: 3/3 levels left

rFire    + . .     SeeInvis .   a - +1 spear
rCold    + . .     Faith    .   (no shield)
rNeg     . . .     Spirit   .   b - +0 leather armour
rPois    +         Reflect  .   e - +0 hat
rElec    +         Harm     .   (no cloak)
rCorr    +         Rampage  .   (no gloves)
MR       .....                  (boots currently unavailable)
Stlth    ++........             (no amulet)
HPRegen  0.12/turn              (no ring)
MPRegen  0.10/turn              (no ring)

@: mighty, lethally poisoned (0 -> -2), resistant, hasted, very quick
A: change form in water, swift swim, stealthy swim
a: Depart the Abyss, Renounce Religion


You were in a sewer.
You worshipped Lugonu.
Lugonu was aware of your devotion.
You visited 1 branch of the dungeon, and saw 4 of its levels.
You visited the Abyss 1 time.
You also visited: Sewer.

You collected 33 gold pieces.

Inventory:

Hand Weapons
 a - a +1 spear (weapon)
Armour
 b - a +0 leather armour (worn)
 e - a +0 hat (worn)


   Skills:
 + Level 3.6 Fighting
 * Level 4.4 Polearms
 - Level 0.6 Armour
 + Level 3.3 Dodging
 * Level 3.0 Invocations


You had 3 spell levels left.
You didn't know any spells.
Your spell library was empty.

Dungeon Overview and Level Annotations

Branches:
Dungeon (4/15)              Sewer (1/1)
 Temple: D:4-7

Altars:


Message History

You feel sick.
You see here a +2 dagger of speed.
You see here a +0 whip.
Firing (i - inventory) No suitable missiles.
Press: ? - help, Shift-Dir - straight line, f - you
Okay, then.
You aren't carrying any scrolls.
* * * LOW HITPOINT WARNING * * *
You feel sick.
* * * LOW HITPOINT WARNING * * *
You feel sick.
A kobold comes into view. It is wielding a +0 short sword.
The kobold shouts!
The kobold throws a stone.
The stone completely misses you.
You see here a stone.
Your legs become a tail as you enter the water.
* * * LOW HITPOINT WARNING * * *
You feel sick.
Your legs become a tail as you enter the water.
You die...

≈.≈#≈#≈≈≈≈≈≈≈≈
P..#≈#.≈.≈≈≈≈
≈..≈.≈≈.P.....≈..≈≈
#.K.≈.≈≈≈PPP≈≈≈..≈
≈≈≈.≈........≈P.
#≈.≈≈≈.≈≈.....P
####..≈..≈.......#
≈≈≈≈≈≈≈≈.≈.≈....@#
##≈.P#########.#
#≈.(.≈≈≈≈≈≈≈≈≈.#
##≈...####P####.#
#≈.(≈..# #.# #≈#
#(.≈.≈.# ##P ###
##≈###### ##
#≈.≈≈))≈# .≈.######


There were no monsters in sight!

Vanquished Creatures
  3 adders
  4 leopard geckos
  8 giant cockroaches
  4 goblins
  2 hobgoblins
  5 kobolds
  A ball python (Sewer)
  2 bats
  2 frilled lizards
31 creatures vanquished.

Notes
Turn   | Place    | Note
-------+----------+-------------------------------------------
     0 | Abyss:1  | Lanoc the Merfolk Abyssal Knight began the quest for the
                  | Orb.
     0 | Abyss:1  | Reached XP level 1. HP: 18/18 MP: 2/2
   146 | Abyss:1  | Noticed a bone dragon
   155 | Abyss:1  | Noticed a sun demon
   156 | D:1      | Escaped the Abyss
   275 | D:1      | Reached * piety under Lugonu
   275 | D:1      | Reached XP level 2. HP: 23/24 MP: 3/3
   443 | D:2      | Reached XP level 3. HP: 17/29 MP: 4/4
   706 | D:3      | Reached skill level 4 in Polearms
   736 | D:4      | Found a glowing drain.
   927 | Sewer    | Entered a sewer
  1013 | Sewer    | Reached XP level 4. HP: 6/37 MP: 6/6
  1026 | Sewer    | HP: 1/37 [poisoned by an adder]
  1031 | Sewer    | HP: 1/37 [poisoned by an adder]
  1039 | Sewer    | Succumbed to an adder's poison

Illustrated notes

Levels and vault maps discovered:
D:1:      nzn_arrival_depleted_hourglass, layout_basic, minmay_pentomino_v4
D:2:      wander_river, layout_rooms, uniq_crazy_yiuf_cottage, uniq_jessica
D:3:      layout_basic
D:4:      layout_loops_ring, portal_sewer_entry_f, uniq_robin
Sewer:    sewer_co_scattered_pipes

Skill      XL: |  1  2  3 |
---------------+----------+-----
Dodging        | 3 |  3.3
Polearms       | 4 |  4.4
Invocations    | 3 |  3.0
Fighting       | |  3.6
Armour         | |  0.6

Action                   |  1- 3 |  4- 6 || total
-------------------------+-------+-------++-------
Melee: Spear             |   116 |     4 ||   120
Invok: Depart the Abyss  |     1 |       ||     1
  Use: Potion            |     3 |       ||     3
Armor: Leather armour    |    20 |       ||    20
Dodge: Dodged            |    65 |     1 ||    66

Table legend: (Time is in decaauts)
 A = Elapsed time spent in this place.
 B = Non-inter-level travel time spent in this place.
 C = Inter-level travel time spent in this place.
 D = Time resting spent in this place.
 E = Time spent auto-exploring this place.
 F = Levels seen in this place.
 G = Mean time per level.
                   A        B        C        D        E       F      G
               +--------+--------+--------+--------+--------+-----+--------+
         Total |   1000 |    996 |      4 |    140 |    617 |   6 |  166.7 |
       Dungeon |    756 |    752 |      4 |    140 |    429 |   4 |  189.0 |
         Abyss |    156 |    156 |      0 |      0 |    146 |   1 |  156.0 |
         Sewer |     87 |     87 |      0 |      0 |     41 |   1 |   87.0 |
               +--------+--------+--------+--------+--------+-----+--------+

Top non-repeatable levels by time:
     D:2: 344 daAuts
     D:4: 203 daAuts
     D:1: 160 daAuts
 Abyss:1: 156 daAuts
   Sewer: 87 daAuts
     D:3: 48 daAuts
